 Dungeon Crawl Stone Soup version 0.28-b1-1-g3c77fb2 (webtiles) character file.

Game seed: 10252212172543282159

393 BALLS the Slasher (level 6, -3/32 HPs)
             Began as a Vine Stalker Fighter on Jan 26, 2022.
             Was an Initiate of Okawaru.
             Slain by an orc priest (7 damage)
             ... on level 4 of the Dungeon.
             The game lasted 00:05:42 (2702 turns).

BALLS the Slasher (Vine Stalker Fighter)            Turns: 2702, Time: 00:05:42

Health: -3/32      AC:  7    Str: 21    XL:     6   Next: 81%
Magic:  0/7        EV:  9    Int:  8    God:    Okawaru [......]
Gold:   154        SH:  4    Dex: 13    Spells: 5/5 levels left

rFire   . . .      SeeInvis .   a - +0 long sword
rCold   . . .      Faith    .   c - +0 buckler
rNeg    . . .      Spirit   +   b - +0 scale mail
rPois   .          Reflect  .   (no helmet)
rElec   .          Harm     .   (no cloak)
rCorr   .          Rampage  .   g - +0 pair of gloves
Will    .....                   (no boots)
Stlth   ..........              (no amulet)
HPRegen 0.90/turn               (no ring)
MPRegen 0.10/turn               (no ring)

@: no status effects
A: fangs 2, regeneration 1, magic shield, antimagic bite, no potion heal 2
a: Renounce Religion


You were on level 4 of the Dungeon.
You worshipped Okawaru.
Okawaru was noncommittal.
You visited 1 branch of the dungeon, and saw 4 of its levels.

You collected 154 gold pieces.

Inventory:

Hand Weapons
 a - a +0 long sword (weapon)
Armour
 b - a +0 scale mail (worn)
 c - a +0 buckler (worn)
 g - a +0 pair of gloves (worn)
Jewellery
 i - a ring of flight
Scrolls
 e - a scroll of fear {unknown}
 h - a scroll of immolation
 j - a scroll of teleportation
 n - 2 scrolls of identify {unknown}
 o - 2 scrolls of vulnerability {unknown}
 r - a scroll of torment {unknown}
Potions
 d - a potion of degeneration {unknown}
 f - a potion of berserk rage {unknown}
 k - a potion of haste {unknown}
 l - a potion of curing {unknown}
 m - a potion of lignification {unknown}
 p - a potion of attraction {unknown}
 q - a potion of heal wounds {unknown}


   Skills:
 - Level 2.6 Fighting
 + Level 6.4 Long Blades
 - Level 2.4 Armour
 - Level 2.6 Shields


You had 5 spell levels left.
You didn't know any spells.
Your spell library contained the following spells:

 Spells                   Type           Power      Damage    Failure   Level
 Foxfire                  Conj/Fire      0%         2x1d4     85%         1
 Corpse Rot               Necr/Air       0%         N/A       94%         2
 Poisonous Vapours        Pois/Air       0%         N/A       94%         2
 Conjure Flame            Conj/Fire      0%         6-21      99%         3
 Inner Flame              Hex/Fire       0%         N/A       99%         3
 Flame Wave               Conj/Fire      0%         2d4       100%        4


Dungeon Overview and Level Annotations

Branches:
Dungeon (4/15)
 Temple: D:4-7

Altars:
Okawaru

Shops:
D:2 (

Annotations:
D:3 1 runed translucent door, Crazy Yiuf
D:4 Eustachio


Innate Abilities, Weirdness & Mutations

You have extremely sharp teeth.
Your natural rate of healing is unusually fast.
When hurt, damage is shared between your health and your magic reserves.
Your bite disrupts and absorbs the magic of your enemies.
Potions cannot restore your health.


Message History

Eustachio casts a spell.
Eustachio blinks!
You slash the orc!
You kill the orc!
Okawaru accepts your kill.
Eustachio mumbles some strange words.
Eustachio blinks!
You hit the orc priest. You bite the orc priest. You drain its power.
The orc priest is moderately wounded.
The orc priest hits you but does no damage.
You barely miss the orc priest.
The orc priest is moderately wounded.
The orc priest looks satisfied for a moment.
Eustachio twirls his moustache.
Eustachio gestures wildly while chanting.
The orc priest mumbles some strange prayers to Beogh against you.
Beogh smites you!
You barely miss the orc priest.
The orc priest is moderately wounded.
The orc priest hits you with a +0 flail.
You hit the orc priest but do no damage.
You bite the orc priest, but do no damage.
The orc priest is moderately wounded.
Eustachio casts a spell.
Eustachio blinks!
You block the orc priest's attack.
You hit the orc priest but do no damage.
You bite the orc priest, but do no damage.
The orc priest is moderately wounded.
The orc priest mumbles some strange prayers to Beogh against you.
Pain shoots through your body!
You barely miss the orc priest. Your bite misses the orc priest.
The orc priest is moderately wounded.
An orc priest comes into view. It is wielding a +0 whip.
The orc priest mumbles some strange prayers to Beogh against you.
Pain shoots through your body!
* * * LOW HITPOINT WARNING * * *
You hit the orc priest.
The orc priest is heavily wounded.
The orc priest hits you with a +0 flail!
You die...

##### ##########
...# #........#
#.#######..#####.#
#5o@........## #.#
#.###)######.....#
#.### #...o5###
##...## #....
###.#...# ##.##
##### #......# #.#
##.#...# #.# #####
####.## ##+##
#.... #o# ##(..##
#.### #.#
##..<..###.###


You could see an iron imp (summoned) and 2 orc priests.

Vanquished Creatures
  Sigmund (D:2)
  A scorpion (D:4)
  A bullfrog skeleton (D:4)
  An orc wizard (D:4)
  3 adders
  2 worms (D:2)
  3 dart slugs
  9 orcs
  9 endoplasms
  A giant cockroach (D:2)
  5 goblins
  3 hobgoblins
  2 jackals (D:1)
  3 quokkas
  9 ball pythons
  12 bats
  6 frilled lizards
  9 kobolds
  4 rats
84 creatures vanquished.

Notes
Turn   | Place    | Note
-------+----------+-------------------------------------------
     0 | D:1      | BALLS the Vine Stalker Fighter began the quest for the Orb.
     0 | D:1      | Reached XP level 1. HP: 11/11 MP: 2/2
   115 | D:1      | Reached skill level 2 in Long Blades
   227 | D:1      | Reached XP level 2. HP: 16/16 MP: 3/3
   585 | D:1      | Reached skill level 3 in Long Blades
   666 | D:1      | Reached XP level 3. HP: 19/19 MP: 4/4
   765 | D:1      | Found a faded altar of an unknown god.
   781 | D:1      | Found a faded altar of an unknown god.
  1205 | D:2      | Noticed Sigmund
  1223 | D:2      | Killed Sigmund
  1224 | D:2      | Reached skill level 5 in Long Blades
  1224 | D:2      | Gained mutation: Your natural rate of healing is unusually
                  | fast. [Vine Stalker growth]
  1224 | D:2      | Reached XP level 4. HP: 21/23 MP: 5/5
  1224 | D:2      | Reached XP level 5. HP: 25/27 MP: 6/6
  1267 | D:2      | Found Royl's Weapon Shoppe.
  1629 | D:3      | Identified the +4 short sword of Departure {vorpal, Will++
                  | rCorr Str-5 Dex+3}
  1694 | D:3      | Reached XP level 6. HP: 32/32 MP: 7/7
  1788 | D:3      | Found an iron altar of Okawaru.
  1797 | D:3      | Became a worshipper of Warmaster Okawaru
  1900 | D:3      | Found a runed translucent door.
  1901 | D:3      | Noticed Crazy Yiuf
  2304 | D:4      | Noticed a hornet
  2401 | D:4      | Reached skill level 6 in Long Blades
  2680 | D:4      | Noticed Eustachio
  2702 | D:4      | Slain by an orc priest

Illustrated notes

Levels and vault maps discovered:
D:1:      dpeg_arrival_rooms_a, layout_loops_ring,
          hellmonk_ecumenical_altar_the_god_not_taken,
          chequers_serial_rivers_small_b, minivault_14, minmay_misc_feat_roman,
          moated_statue, chequers_serial_rivers_micro_a
D:2:      layout_basic, serial_shops, nicolae_square_shop, uniq_sigmund
D:3:      layout_loops_ring, marbit_many_paths, uniq_crazy_yiuf_cottage
D:4:      cheibrodos_quashed, layout_loops_corners,
          lemuel_zombie_altar_kikubaaqudgha, kennysheep_generic_room_5,
          uniq_eustachio

Skill      XL: |  1  2  3  4  5  6 |
---------------+-------------------+-----
Long Blades    | 2 3 5 6 |  6.4
Fighting       | |  2.6
Armour         | |  2.4
Shields        | |  2.6

Action                   |  1- 3 |  4- 6 || total
-------------------------+-------+-------++-------
Melee: Long sword        |    82 |   154 ||   236
       Bite              |    17 |    30 ||    47
  Use: Scroll            |     1 |     2 ||     3
       Potion            |     1 |       ||     1
Armor: Scale mail        |    34 |    96 ||   130
Dodge: Dodged            |    37 |    83 ||   120
Block: Buckler           |    18 |    39 ||    57
